 Dungeon Sprint DCSS version 0.27.1-33-g824d729ab1 (webtiles) character file.

Game seed: 16910129571143542472

2294 Adenis the Imperceptible (level 9, 0/69 HPs)
             Began as a Vampire Brigand on Dec 3, 2021.
             Was a Believer of Dithmenos.
             Slain by a kobold demonologist (1 damage)
             ... in the Dungeon (Sprint I: "Red Sonja").
             The game lasted 00:03:46 (431 turns).

Adenis the Imperceptible (Vampire Brigand)           Turns: 431, Time: 00:03:48

Health: 0/69       AC:  2    Str:  8      XL:     9   Next: 17%
Magic:  9/9        EV: 13    Int: 14      God:    Dithmenos [**....]
Gold:   567        SH:  0    Dex: 13 (18) Spells: 8/8 levels left

rFire    . . .     SeeInvis +   l - +0 dagger (drain)
rCold    . . .     Faith    .   (no shield)
rNeg     . . .     Spirit   .   b - +0 robe
rPois    .         Reflect  .   (no helmet)
rElec    .         Harm     .   c - +0 cloak
rCorr    .         Rampage  .   (no gloves)
Will     .....     NoTele   +   (no boots)
Stlth    ++++++++++             (no amulet)
HPRegen  0.41/turn              (no ring)
MPRegen  0.11/turn              (no ring)

@: healing quickly, wreathed by umbra
A: alive, fangs 3, see invisible, vampiric 2, deformed body, screaming 1, weak
1, no potion heal 1, subdued magic 1, MP-powered wands
a: Exsanguinate, Renounce Religion, Shadow Step


You were in the Dungeon.
You worshipped Dithmenos.
Dithmenos was pleased with you.
You visited 1 branch You collected 567 gold pieces.

Inventory:

Hand Weapons
 a - a +2 dagger
 l - a +0 dagger of draining (weapon)
Missiles
 d - 8 poisoned darts (quivered)
 e - 7 curare-tipped darts
Armour
 b - a +0 robe (worn)
 c - a +0 cloak (worn)
Wands
 j - a wand of flame (7)
Scrolls
 k - a scroll of blinking
Potions
 f - a potion of curing
 h - a potion of haste
 i - 2 potions of magic


   Skills:
 + Level 6.0 Fighting
 - Level 10.0 Short Blades
 + Level 4.8 Throwing
 + Level 3.2 Dodging
 + Level 23.2 Stealth


You had 8 spell levels left.
You didn't know any spells.
Your spell library was empty.

Dungeon Overview and Level Annotations

Branches:
Dungeon (1/1)

Altars:
Cheibriados
Dithmenos
Elyvilon
Fedhas
Gozag
Hepliaklqana
Kikubaaqudgha
Makhleb
Nemelex Xobeh
Okawaru
Qazlal
Ru
Sif Muna
Trog
Uskayaw
Vehumet
Wu Jian
Xom
Yredelemnul
Zin
The Shining One
Jiyva
Lugonu

Shops:
D [(


Innate Abilities, Weirdness & Mutations

Your natural rate of healing is accelerated.
You have razor-sharp teeth.
You have supernaturally acute eyesight. (SInv)
You are afflicted with vampirism and can become a bat while bloodless.
Armour fits poorly on your strangely shaped body.
You occasionally shout uncontrollably at your foes.
You are weak. (Str -2)
Potions are less effective at restoring your health.
Your spells are a little easier to cast, but a little less powerful.
You expend magic power (3 MP) to strengthen your wands.


Message History

You hit the kobold demonologist.
Your bite misses the kobold demonologist.
The kobold demonologist is severely wounded.
The quasit bites you.
* * * LOW HITPOINT WARNING * * *
The quasit closely misses you. The quasit barely misses you.
The kobold demonologist looks braver for a moment.
The crimson imp misses you.
Your system partially rejects the healing.
You feel much better. The kobold demonologist misses you. The quasit bites you.
The quasit claws you but does no damage.
The quasit barely misses you.
The kobold demonologist looks encouraged for a moment.
The smoke demon gestures at you. Something smites you!
* * * LOW HITPOINT WARNING * * *
The crimson imp barely misses you.
You barely miss the kobold demonologist.
The kobold demonologist is severely wounded.
The kobold demonologist hits you with a +0 dagger.
* * * LOW HITPOINT WARNING * * *
The quasit bites you.
* * * LOW HITPOINT WARNING * * *
The quasit claws you.
* * * LOW HITPOINT WARNING * * *
You feel clumsy.
The quasit claws you but does no damage.
You hit the kobold demonologist but do no damage.
The kobold demonologist is severely wounded.
The kobold demonologist hits you with a +0 dagger.
* * * LOW HITPOINT WARNING * * *
The crimson imp barely misses you.
Unknown command.
You hit the kobold demonologist but do no damage.
The kobold demonologist is severely wounded.
The quasit closely misses you. The quasit barely misses you.
The quasit claws you.
* * * LOW HITPOINT WARNING * * *
The kobold demonologist hits you with a +0 dagger.
You die...

####################
'..#..'..#__#..5@K5#
#.)').#..'..'..#K53#
##+#####'#__####55.+
# #...#(#### #####
####..##(#
___##'#_.+
∩...'..._#
.__##_.#+# ___###+#


You could see 2 kobold demonologists, a smoke demon (summoned), an iron imp
(summoned), a quasit (summoned), 2 crimson imps and an ufetubus (summoned).

Vanquished Creatures
  Sonja (D)
  A deep troll (D)
  A shining eye (D)
  A slime creature (D)
  Sigmund (D)
  A yak (D)
  2 floating eyes (D)
  An ogre (D)
  A jelly (D)
  Ijyb (D)
11 creatures vanquished.

Notes
Turn   | Place    | Note
-------+----------+-------------------------------------------
     0 | D        | Adenis the Vampire Brigand began the quest for the Orb.
     0 | D        | Reached XP level 1. HP: 16/16 MP: 1/1
     2 | D        | Noticed Ijyb
     6 | D        | Killed Ijyb
     7 | D        | Reached skill level 9 in Stealth
     7 | D        | Reached XP level 2. HP: 22/22 MP: 2/2
     8 | D        | Noticed an ogre
    12 | D        | HP: 1/22 [ogre (21)]
    17 | D        | Killed an ogre
    18 | D        | Reached skill level 12 in Stealth
    18 | D        | Gained mutation: You are afflicted with vampirism and can
                  | become a bat while bloodless. [Vampire growth]
    18 | D        | Reached XP level 3. HP: 4/29 MP: 3/3
    18 | D        | Reached XP level 4. HP: 5/35 MP: 4/4
    19 | D        | Noticed Sigmund
    24 | D        | Killed Sigmund
    25 | D        | Reached skill level 5 in Short Blades
    25 | D        | Reached skill level 15 in Stealth
    25 | D        | Reached XP level 5. HP: 9/42 MP: 5/5
    57 | D        | Found an ornate altar of the Wu Jian Council.
    57 | D        | Found a shimmering blue altar of Sif Muna.
    59 | D        | Found a radiant altar of Vehumet.
    66 | D        | Reached XP level 6. HP: 25/48 MP: 6/6
   145 | D        | Found Icva's Weapon Emporium.
   145 | D        | Found an ancient bone altar of Kikubaaqudgha.
   145 | D        | Found a hazy altar of Hepliaklqana.
   145 | D        | Found a stormy altar of Qazlal.
   145 | D        | Found a hide-covered altar of Uskayaw.
   145 | D        | Found a blossoming altar of Fedhas.
   145 | D        | Found a bloodstained altar of Trog.
   145 | D        | Found an iron altar of Okawaru.
   145 | D        | Found a basalt altar of Yredelemnul.
   145 | D        | Found a snail-covered altar of Cheibriados.
   145 | D        | Found a sacrificial altar of Ru.
   145 | D        | Found a shadowy altar of Dithmenos.
   145 | D        | Noticed a yak
   146 | D        | Found an opulent altar of Gozag.
   147 | D        | Killed a yak
   148 | D        | Reached skill level 17 in Stealth
   148 | D        | Found a sparkling altar of Nemelex Xobeh.
   166 | D        | Became a worshipper of Dithmenos the Shadowed
   178 | D        | Noticed Sonja
   182 | D        | Killed Sonja
   183 | D        | Reached skill level 5 in Fighting
   183 | D        | Reached skill level 20 in Stealth
   183 | D        | Reached XP level 7. HP: 56/56 MP: 7/7
   183 | D        | Reached XP level 8. HP: 62/62 MP: 8/8
   188 | D        | Noticed a deep troll
   192 | D        | Killed a deep troll
   193 | D        | Reached skill level 21 in Stealth
   219 | D        | Found Kitakh's Antique Armour Boutique.
   222 | D        | Noticed a shining eye
   222 | D        | Noticed a shining eye
   222 | D        | Noticed a shining eye
   222 | D        | Noticed a shining eye
   222 | D        | Noticed a shining eye
   222 | D        | Noticed a shining eye
   223 | D        | Gained mutation: Your spells are a little easier to cast,
                  | but a little less powerful. [a shining eye]
   224 | D        | Noticed a shining eye
   224 | D        | Noticed a shining eye
   227 | D        | Killed a shining eye
   227 | D        | Reached * piety under Dithmenos
   228 | D        | Reached skill level 22 in Stealth
   229 | D        | Reached XP level 9. HP: 69/69 MP: 9/9
   235 | D        | Gained mutation: You occasionally shout uncontrollably at
                  | your foes. [a shining eye]
   238 | D        | Gained mutation: You expend magic power (3 MP) to
                  | strengthen your wands. [a shining eye]
   240 | D        | Gained mutation: You are weak. (Str -2) [a shining eye]
   241 | D        | Gained mutation: You are agile. (Dex +2) [a shining eye]
   241 | D        | Lost mutation: You are agile. (Dex +2) [a shining eye]
   244 | D        | Gained mutation: Potions are less effective at restoring
                  | your health. [a shining eye]
   247 | D        | Gained mutation: Armour fits poorly on your strangely
                  | shaped body. [a shining eye]
   377 | D        | Found a burning altar of Makhleb.
   377 | D        | Found a viscous altar of Jiyva.
   377 | D        | Found a shimmering altar of Xom.
   377 | D        | Found a corrupted altar of Lugonu.
   381 | D        | Reached skill level 10 in Short Blades
   393 | D        | Noticed a kobold demonologist
   394 | D        | Noticed a kobold demonologist
   402 | D        | Reached ** piety under Dithmenos
   403 | D        | Reached skill level 23 in Stealth
   416 | D        | Noticed a smoke demon
   429 | D        | HP: 3/69 [quasit[a kobold demonologist] (1)]
   431 | D        | HP: 1/69 [quasit[a kobold demonologist] (2)]
   431 | D        | Slain by a kobold demonologist

Illustrated notes

Levels and vault maps discovered:
D:        dungeon_sprint_1 [red_sonja_temple_1, red_sonja_temple_small_1]

Skill      XL: |  1  2  3  4  5  6  7  8  9 |
---------------+----------------------------+-----
Fighting       | 2 3 5 6 |  6.0
Short Blades   | 3 4 5 6 8 9 10 | 10.0
Throwing       | 2 3 4 |  4.8
Stealth        | 9 12 15 20 22 23 | 23.2
Dodging        | 2 3 |  3.2

Action                   |  1- 3 |  4- 6 |  7- 9 || total
-------------------------+-------+-------+-------++-------
Melee: Dagger            |     6 |     7 |    49 ||    62
       Bite              |     1 |     1 |     6 ||     8
  Use: Potion            |     1 |       |     1 ||     2
 Stab: Sleeping          |     1 |     3 |     4 ||     8
Armor: Robe              |       |       |    17 ||    17
Dodge: Dodged            |     4 |     2 |    41 ||    47
